 Dungeon Crawl Stone Soup version 0.31.0-11-ge490571c62 (webtiles) character file.

Game seed: 15199283401276259269

1304 qw the Nimble (level 8, -11/40 HPs)
             Began as a Spriggan Hunter on Feb 3, 2024.
             Was an Initiate of Okawaru.
             Mangled by an orc
             ... wielding a +0 mace
              (18 damage)
             ... on level 6 of the Dungeon.
             The game lasted 00:00:18 (4285 turns).

qw the Nimble (Spriggan Hunter)                     Turns: 4285, Time: 00:00:18

Health: -11/40     AC:  4    Str:  5 (7)  XL:     8   Next: 31%
Magic:  9/9        EV:  4    Int:  7 (10) God:    Okawaru [......]
Gold:   244        SH:  0    Dex: 19 (21) Spells: 7/7 levels left

rFire   + . .        d - +0 orcbow
rCold   + . .        (shield currently unavailable)
rNeg    + . .        e - +2 robe {rC+ rF+}
rPois   .            (helmet restricted)
rElec   .            (no cloak)
rCorr   .            (gloves unavailable)
SInv    +            (boots unavailable)
Will    +....        (no amulet)
Stlth   ++           i - ring of positive energy
HPRegen 0.26/turn    (no ring)
MPRegen 0.11/turn

%: no passive effects
@: sleeping, very quick
A: very small, no large weapons, unfitting armour, see invisible, speed 3
a: Renounce Religion


You were on level 6 of the Dungeon.
You worshipped Okawaru.
Okawaru was noncommittal.
You visited 2 branches of the dungeon, and saw 7 of its levels.

You collected 244 gold pieces.


Innate Abilities, Weirdness & Mutations

You are very small and have problems with some larger weapons.
You are too small for most types of armour.
You have supernaturally acute eyesight. (SInv)
You cover ground extremely quickly. (Speed+++)


   Skills:
 - Level 3.0 Fighting
 + Level 8.4 Ranged Weapons
 - Level 8.4 Dodging
 - Level 1.5 Stealth


You had 7 spell levels left.
You didn't know any spells.
Your spell library was empty.

Inventory:

Hand Weapons
 d - a +0 orcbow (weapon)
Armour
 b - a +2 robe of willpower
 e - a +2 robe of resistance (worn)
Jewellery
 i - a ring of positive energy (left hand)
Scrolls
 c - a scroll of teleportation
Potions
 a - a potion of enlightenment {unknown}
 f - 2 potions of mutation {unknown}
 g - a potion of resistance
 h - a potion of invisibility {unknown}
 j - a potion of might {unknown}

Dungeon Overview and Level Annotations

Branches:
Dungeon (6/15)             Temple (1/1) D:5

Altars:
Ashenzari
Elyvilon
Gozag
Hepliaklqana
Makhleb
Nemelex Xobeh
Okawaru
Trog
Zin


Message History

The arrow hits the orc but does no damage.
The orc is severely wounded.
You shoot an arrow. The arrow hits the white imp!
You kill the white imp!
Okawaru accepts your kill. The sleepcap misses you.
You shoot an arrow. The arrow barely misses the orc.
The arrow hits the orc priest but does no damage.
The sleepcap closely misses you. The orc misses you.
You shoot an arrow. The arrow hits the orc.
The orc is almost dead.
The sleepcap misses you. The orc completely misses you.
You shoot an arrow. The arrow barely misses the orc.
The arrow hits the orc priest!
The orc priest is heavily wounded.
The sleepcap completely misses you. The orc misses you.
The sleepcap releases spores at you.
You are engulfed in a cloud of soporific spores!
You fall asleep.
The sleepcap releases spores at you!
You wake up.
The orc barely misses you. The orc completely misses you.
You shoot an arrow. The arrow hits the orc!
You kill the orc!
Okawaru accepts your kill. The sleepcap barely misses you.
You shoot an arrow. The arrow hits the sleepcap.
The sleepcap is lightly damaged.
The sleepcap barely misses you.
The orc priest calls down the wrath of Beogh upon you.
Beogh smites you! The orc hits you with a +0 mace.
You shoot an arrow. The arrow hits the sleepcap!
The sleepcap is heavily damaged.
The sleepcap barely misses you. The orc completely misses you.
You shoot an arrow. The arrow hits the orc priest!
You kill the orc priest!
Okawaru accepts your kill. The sleepcap releases spores at you.
You are engulfed in a cloud of soporific spores!
You fall asleep.
The orc hits you with a +0 mace!!
You die...

....####.............##+##
... #.............#
#.............#
+.............#
#.........<...#
#.............#
######'##....## #...#....#
#...#@o..# #####)f..#
....## #.)..# #....#
#....# #....# ......


You could see a sleepcap and an orc.

Vanquished Creatures
  Sigmund (D:2)
  Edmund (D:4)
  A black bear (D:5)
  An ogre (D:4)
  A centaur (D:5)
  Blork the orc (D:4)
  A gnoll sergeant (D:5)
  3 bombardier beetles
  2 jellies
  6 orc priests
  2 sleepcaps
  4 orc wizards
  4 gnolls (D:5)
  5 adders
  A white imp (D:6)
  2 ufetubi (D:5)
  A ribbon worm (D:2)
  4 dart slugs
  14 orcs
  5 endoplasms
  5 giant cockroaches
  8 goblins
  6 hobgoblins
  4 jackals (D:5)
  7 kobolds
  3 quokkas
  6 ball pythons
  4 bats
  6 frilled lizards
  5 rats
114 creatures vanquished.

Vanquished Creatures (others)
  An orc (D:5)
1 creature vanquished.

Grand Total: 115 creatures vanquished

Notes
Turn   | Place    | Note
-------+----------+-------------------------------------------
     0 | D:1      | qw the Spriggan Hunter began the quest for the Orb.
     0 | D:1      | Reached XP level 1. HP: 10/10 MP: 2/2
     0 | D:1      | 0 ||| qw: Version: 0.3-a-158-g18b3111
     0 | D:1      | 0 ||| qw: Game counter: 4062
     0 | D:1      | 0 ||| qw: Melee chars always use a shield: true
     0 | D:1      | 0 ||| qw: God list: Okawaru
     0 | D:1      | 0 ||| qw: Allow faded altars: false
     0 | D:1      | 0 ||| qw: Do Orc after clearing Dungeon:15 true
     0 | D:1      | 0 ||| qw: Do second Lair branch before Depths: true
     0 | D:1      | 0 ||| qw: Lair rune preference: random
     0 | D:1      | 0 ||| qw: Goals: Normal
     0 | D:1      | 0 ||| PLANNING D:1-11
    88 | D:1      | Reached skill level 3 in Dodging
   316 | D:1      | Reached XP level 2. HP: 8/14 MP: 3/3
   903 | D:1      | 903 ||| READING scroll labelled PYCRACIXAI.
   903 | D:1      | 903 ||| IDENTIFYING bubbling orange potion
   904 | D:1      | 904 ||| READING scroll labelled LIOGO RIQIU.
   904 | D:1      | 904 ||| BRANDING +0 shortbow.
   905 | D:1      | 905 ||| READING scroll labelled TAUM HISTISM.
   906 | D:1      | 906 ||| READING scroll labelled JUCHUNO FULEN.
   910 | D:1      | 910 ||| READING scroll labelled BOUSEE FIAD.
  1011 | D:1      | 1011 ||| DRINKING 2 metallic dark potions.
  1012 | D:1      | 1012 ||| DROPPING scroll of butterflies.
  1057 | D:2      | Found a faded altar of an unknown god.
  1097 | D:2      | Reached XP level 3. HP: 18/18 MP: 4/4
  1512 | D:2      | Noticed Sigmund
  1525 | D:2      | Killed Sigmund
  1526 | D:2      | Reached skill level 6 in Ranged Weapons
  1526 | D:2      | Reached XP level 4. HP: 15/22 MP: 5/5
  1526 | D:2      | Reached XP level 5. HP: 17/25 MP: 6/6
  1572 | D:2      | 1572 ||| UPGRADING to +2 robe of resistance.
  1582 | D:2      | 1582 ||| DROPPING +0 robe.
  1782 | D:3      | Reached XP level 6. HP: 30/30 MP: 7/7
  1983 | D:3      | 1983 ||| UPGRADING to ring of positive energy.
  1984 | D:3      | 1984 ||| READING scroll of identify.
  1984 | D:3      | 1984 ||| IDENTIFYING golden potion
  1985 | D:3      | 1985 ||| READING scroll labelled POODITHROBEWN.
  2177 | D:4      | Noticed Blork the orc
  2181 | D:4      | Killed Blork the orc
  2182 | D:4      | Reached skill level 6 in Dodging
  2199 | D:4      | Noticed Menkaure
  2200 | D:4      | 2200 ||| DRINKING potion of haste.
  2205 | D:4      | 2205 ||| FLEEEEING.
  2206 | D:4      | 2206 ||| FLEEEEING.
  2207 | D:4      | 2207 ||| FLEEEEING.
  2208 | D:4      | 2208 ||| FLEEEEING.
  2211 | D:4      | 2211 ||| FLEEEEING.
  2213 | D:4      | 2213 ||| FLEEEEING.
  2215 | D:4      | 2215 ||| FLEEEEING.
  2296 | D:4      | Noticed Edmund
  2322 | D:4      | Killed Edmund
  2323 | D:4      | Reached XP level 7. HP: 20/35 MP: 8/8
  2928 | D:4      | 2928 ||| READING scroll labelled DACZAZXIMAIS.
  2946 | D:5      | Entered Level 5 of the Dungeon
  2960 | D:5      | 2960 ||| DRINKING potion of curing.
  2960 | D:5      | 2960 ||| (to cure confusion)
  2965 | D:5      | HP: 1/35 [orc priest/divine providence (13)]
  2966 | D:5      | 2966 ||| READING 2 scrolls of teleportation.
  3110 | D:5      | Found an opulent altar of Gozag.
  3470 | D:5      | 3470 ||| FLEEEEING.
  3473 | D:5      | 3473 ||| FLEEEEING.
  3474 | D:5      | 3474 ||| FLEEEEING.
  3476 | D:5      | 3476 ||| FLEEEEING.
  3477 | D:5      | 3477 ||| FLEEEEING.
  3478 | D:5      | 3478 ||| FLEEEEING.
  3480 | D:5      | 3480 ||| FLEEEEING.
  3481 | D:5      | 3481 ||| FLEEEEING.
  3483 | D:5      | 3483 ||| FLEEEEING.
  3484 | D:5      | 3484 ||| FLEEEEING.
  3486 | D:5      | 3486 ||| FLEEEEING.
  3487 | D:5      | 3487 ||| FLEEEEING.
  3488 | D:5      | 3488 ||| FLEEEEING.
  3495 | D:5      | Reached XP level 8. HP: 37/39 MP: 9/9
  3596 | D:5      | Found a staircase to the Ecumenical Temple.
  3597 | D:5      | 3597 ||| PLANNING TEMPLE
  3597 | D:5      | 3597 ||| DROPPING scarf of shadows.
  3606 | Temple   | Entered the Ecumenical Temple
  3607 | Temple   | 3607 ||| PLANNING OKAWARU WORSHIP
  3624 | Temple   | Became a worshipper of Warmaster Okawaru
  3625 | Temple   | 3625 ||| PLANNING D:1-11
  3738 | D:5      | Reached skill level 3 in Fighting
  3823 | D:5      | 3823 ||| SWAPPING to +0 orcbow.
  3824 | D:5      | 3824 ||| DROPPING +0 shortbow of flaming.
  4169 | D:5      | 4169 ||| DRINKING 2 white potions.
  4170 | D:5      | 4170 ||| DROPPING potion of degeneration.
  4285 | D:6      | HP: 7/40 [sleepcap (4)]
  4285 | D:6      | Mangled by an orc

Levels and vault maps discovered:
D:1:      heliophobic_arrival_dark_side_of_the_moon, layout_basic
D:2:      layout_basic, hellmonk_ecumenical_altar_arch_garden,
          hangedman_decor_growths, uniq_sigmund
D:3:      layout_rooms
D:4:      layout_basic, uniq_edmund, uniq_menkaure, uniq_blork_the_orc
D:5:      layout_basic, grunt_gozag_breadcrumbs, lemuel_temple_firewalk_b
D:6:      layout_gridville
Temple:   nicolae_temple_superstar

Skill      XL: |  1  2  3  4  5  6  7  8 |
---------------+-------------------------+-----
Dodging        | 3 4 6 7 8 |  8.4
Ranged Weapons | 6 7 8 |  8.4
Fighting       | 2 3 |  3.0
Stealth        | |  1.5

Action                     |  1- 3 |  4- 6 |  7- 9 || total
---------------------------+-------+-------+-------++-------
   Fire: Shortbow          |    97 |   107 |   114 ||   318
         Orcbow            |       |       |    51 ||    51
    Use: Scroll            |     5 |     2 |     2 ||     9
         Potion            |     1 |     1 |     2 ||     4
 Armour: Robe              |     4 |     7 |    33 ||    44
  Dodge: Dodged            |    24 |    39 |   109 ||   172

Table legend:
 A = Non-vault XP
 B = Vault XP
 C = Vault XP percentage of total XP
 D = Non-vault monster count
 E = Vault monster count
 F = Vault count percentage of total count
                 A         B        C        D         E       F
            +---------+---------+-------+---------+---------+-------
      Total |    1422 |     482 |  25.3 |     111 |       3 |   2.6
            +---------+---------+-------+---------+---------+-------
        D:1 |      33 |       0 |   0.0 |      21 |       0 |   0.0
        D:2 |      49 |     226 |  82.2 |      14 |       1 |   6.7
        D:3 |      91 |       0 |   0.0 |      21 |       0 |   0.0
        D:4 |     300 |     256 |  46.0 |      20 |       2 |   9.1
        D:5 |     775 |       0 |   0.0 |      28 |       0 |   0.0
        D:6 |     174 |       0 |   0.0 |       7 |       0 |   0.0
            +---------+---------+-------+---------+---------+-------
